 Dungeon Crawl Stone Soup version 0.19.0-9-gfd783f2 (console) character file.

224 Morrissey the Charmwright (level 5, -5/52 HPs)
             Began as a High Elf Skald on Nov 7, 2016.
             Was a Follower of Okawaru.
             Killed by nerve-wracking pain
             ... invoked by Grinder
              (11 damage)
             ... on level 4 of the Dungeon.
             The game lasted 00:09:15 (3869 turns).

Morrissey the Charmwright (High Elf Skald)          Turns: 3869, Time: 00:09:16

Health: -5/52      AC:  3    Str: 16    XL:     5   Next: 67%
Magic:  1/11       EV: 12    Int: 16    God:    Okawaru [*.....]
Gold:   135        SH:  0    Dex: 15    Spells: 4 memorised, 2 levels left

rFire  . . .     SeeInvis .     a - +0 falchion
rCold  . . .     Gourm    .     b - +0 leather armour
rNeg   . . .     Faith    .     (no shield)
rPois  .         Spirit   .     (helmet restricted)
rElec  .         Reflect  .     (no cloak)
rCorr  .         Harm     .     (no gloves)
MR     .....                    (no boots)
Stlth  ..........               (no amulet)
                                (no ring)
                                (no ring)

@: berserking, infused (expiring), very slightly contaminated, very quick
A: claws 1, horns 1, MP-powered wands
a: Heroism, Renounce Religion


You were on level 4 of the Dungeon.
You worshipped Okawaru.
Okawaru was aware of your devotion.
You were hungry.

You visited 1 branch of the dungeon, and saw 4 of its levels.

You collected 135 gold pieces.

Inventory:

Hand Weapons
 a - a +0 falchion (weapon)
Armour
 b - a +0 leather armour (worn)
 p - a +0 cloak
Scrolls
 g - a scroll of amnesia {unknown}
 l - 2 scrolls of identify
 m - a scroll of fear
 n - a scroll of remove curse {unknown}
 u - a scroll of teleportation {unknown}
 v - a scroll of magic mapping {unknown}
Potions
 i - a potion of lignification {unknown}
 j - a potion of invisibility {unknown}
 o - a potion of heal wounds {unknown}
 q - a potion of berserk rage
Books
 c - a book of Battle

   Spells                             Type                      Level
   a - Infusion                       Charms                       1
   b - Shroud of Golubria             Charms/Translocation         2
   c - Song of Slaying                Charms                       2
   d - Spectral Weapon                Hexes/Charms                 3
   e - Regeneration                   Charms/Necromancy            3
 r - a book of Minor Magic

   Spells                             Type                      Level
   a - Magic Dart                     Conjuration                  1
   b - Blink                          Translocation                2
   c - Call Imp                       Summoning                    2
   d - Repel Missiles                 Charms/Air                   2
   e - Slow                           Hexes                        2
   f - Conjure Flame                  Conjuration/Fire             3
   g - Mephitic Cloud                 Conjuration/Poison/Air       3
Comestibles
 d - 3 bread rations
 f - 4 fruits
 k - a beef jerky
 s - a slice of pizza


   Skills:
 + Level 2.6 Fighting
 * Level 4.2 Long Blades
 - Level 1.0 Armour
 + Level 2.3 Dodging
 + Level 3.5 Spellcasting
 + Level 1.6 Hexes
 + Level 4.6 Charms


You had 2 spell levels left.
You knew the following spells:

 Your Spells              Type           Power        Failure   Level  Hunger
a - Infusion              Chrm           ###.         3%          1    None
b - Shroud of Golubria    Chrm/Tloc      ##........   14%         2    ##.....
c - Spectral Weapon       Hex/Chrm       ##......     17%         3    ###....
d - Regeneration          Chrm/Necr      ##........   28%         3    ###....


Dungeon Overview and Level Annotations

Branches:
Dungeon (4/15)
 Temple: D:4-7

Altars:
Ashenzari
Gozag
Okawaru
The Shining One

Annotations:
D:2 1 runed door
D:4 Edmund, Grinder


Innate Abilities, Weirdness & Mutations

You have sharp fingernails.
You have a pair of small horns on your head.
You expend magic power (3 MP) to strengthen your wands.


Message History

You suddenly lose the ability to move!
Grinder hits you.
* * * LOW HITPOINT WARNING * * *
You writhe in agony.
* * * LOW HITPOINT WARNING * * *
You can move again.
It was a potion of mutation.
You feel extremely strange. A pair of horns grows on your head!
You feel your magical essence link to your wands.
Your fingernails lengthen.
Grinder barely misses you.
You riposte.
You barely miss Grinder.
Grinder is moderately wounded.
It was a potion of berserk rage.
A red film seems to cover your vision as you go berserk!
You feel yourself moving faster!
You feel mighty! Grinder closely misses you.
You hit Grinder.
Grinder is heavily wounded.
Grinder gestures at you. Pain shoots through your body!
You die...

.. #.#######.## #[
#.# #.# #. #.# #..
#.###.#####.# ####
#....$......##
#####.####...### #.
#.....ยง.# #.
#5#...#.# ..
#@##.##.# ## #.##.#
# ##### #.##.# ..[#
#.##.# ##.## #.##.#
##[..######.##.#
#.........#.##.#
#....####.#.##^#
####.#.#####.#)##.#


You could see Grinder.

Vanquished Creatures
  An ogre (D:4)
  6 adders
  An ooze (D:1)
  2 worms (D:2)
  3 dart slugs
  An orc (D:3)
  2 ball pythons
  8 bats
  4 giant cockroaches
  6 goblins
  7 hobgoblins
  5 jackals
  A quokka (D:2)
  8 frilled lizards
  4 kobolds
  9 rats
68 creatures vanquished.

Notes
Turn   | Place    | Note
-------+----------+-------------------------------------------
     0 | D:1      | Morrissey the High Elf Skald began the quest for the Orb.
     0 | D:1      | Reached XP level 1. HP: 14/14 MP: 4/4
    13 | D:1      | Reached skill level 1 in Armour
    69 | D:1      | Reached XP level 2. HP: 11/19 MP: 0/6
   619 | D:1      | Learned a level 2 spell: Shroud of Golubria
   771 | D:1      | Reached XP level 3. HP: 20/24 MP: 1/8
   993 | D:1      | Learned a level 3 spell: Spectral Weapon
  1261 | D:2      | Found an opulent altar of Gozag.
  1979 | D:2      | Reached XP level 4. HP: 22/29 MP: 0/9
  2454 | D:2      | Found a runed door.
  2568 | D:3      | Found an iron altar of Okawaru.
  2580 | D:3      | Became a worshipper of Warmaster Okawaru
  2638 | D:3      | Learned a level 3 spell: Regeneration
  2793 | D:3      | Reached skill level 1 in Hexes
  2851 | D:3      | Found a glowing golden altar of the Shining One.
  3103 | D:3      | Found a shattered altar of Ashenzari.
  3591 | D:4      | Noticed an ogre
  3608 | D:4      | Killed an ogre
  3608 | D:4      | Reached * piety under Okawaru
  3608 | D:4      | Reached XP level 5. HP: 13/35 MP: 0/11
  3669 | D:4      | Noticed Grinder
  3675 | D:4      | Paralysed by Grinder for 5 turns
  3772 | D:4      | Noticed Edmund
  3865 | D:4      | Paralysed by Grinder for 2 turns
  3867 | D:4      | Gained mutation: You have a pair of small horns on your head. [potion of mutation]
  3867 | D:4      | Gained mutation: You expend magic power (3 MP) to strengthen your wands. [potion of mutation]
  3867 | D:4      | Gained mutation: You have sharp fingernails. [potion of mutation]
  3869 | D:4      | Killed from afar by Grinder

Skill      XL: |  1  2  3  4 |
---------------+-------------+-----
Armour         | 1 |  1.0
Charms         | 4 |  4.6
Long Blades    | 3 4 |  4.2
Spellcasting   | 3 |  3.5
Hexes          | 1 |  1.6
Dodging        | 2 |  2.3
Fighting       | |  2.6

Action                   |  1- 3 |  4- 6 || total
-------------------------+-------+-------++-------
Melee: Falchion          |   123 |    77 ||   200
 Cast: Infusion          |    15 |    10 ||    25
       Shroud of Golubri |     3 |     5 ||     8
       Spectral Weapon   |       |     2 ||     2
  Use: Potion            |       |     4 ||     4
       Scroll            |       |     2 ||     2
 Stab: Sleeping          |     1 |     1 ||     2
  Eat: Chunk             |     4 |     6 ||    10
Armor: Leather armour    |    35 |    14 ||    49
Dodge: Dodged            |    87 |    50 ||   137
       Rpst.: Falchion   |    25 |    17 ||    42
